 Dungeon Crawl Stone Soup version 0.30-a0-618-gd6c86c23d0 (webtiles) character file.

Game seed: 13195521443766399917

2577 bande the Chopper (level 9, -1/55 HPs)
             Began as a Gargoyle Fighter on Jan 9, 2023.
             Slain by a two-headed ogre
             ... wielding a +0 giant club
              (11 damage)
             ... on level 8 of the Dungeon.
             The game lasted 00:10:31 (7715 turns).

bande the Chopper (Gargoyle Fighter)                Turns: 7715, Time: 00:10:32

Health: -1/55      AC: 23    Str: 19    XL:     9   Next: 57%
Magic:  9/9        EV:  6    Int: 10    God:
Gold:   560        SH:  6    Dex: 19    Spells: 7/8 levels left

rFire   . . .      SeeInvis .    a - +1 war axe
rCold   . . .      Faith    .    c - +0 buckler
rNeg    + . .      Spirit   .    l - +0 plate armour
rPois   ∞          Reflect  .    f - +0 helmet
rElec   +          Harm     .    m - +0 cloak
rCorr   .          Rampage  .    s - +1 pair of gloves
Will    .....                    (no boots) Stlth
                                 (no amulet)
HPRegen 0.29/turn                w - +6 ring of dexterity
MPRegen 0.11/turn                (no ring)

@: no status effects
A: sickness immunity, AC +6, negative energy resistance 1, electricity
resistance, torment resistance 1, petrification resistance
a: no special abilities


You were on level 8 of the Dungeon.
You visited 1 branch of the dungeon, and saw 8 of its levels.

You collected 560 gold pieces.

Inventory:

Hand Weapons
 a - a +1 war axe (weapon)
 t - a +1 flail of protection
 y - a +0 war axe
Missiles
 F - a throwing net (quivered)
Armour
 c - a +0 buckler (worn)
 f - a +0 helmet (worn)
 l - a +0 plate armour (worn)
 m - a +0 cloak (worn)
 s - a +1 pair of gloves (worn)
Jewellery
 b - a ring of ice
 w - a +6 ring of dexterity (left hand)
Wands
 q - a wand of digging (2)
Scrolls
 e - 6 scrolls of teleportation
 j - a scroll of magic mapping
 p - 2 scrolls of identify
 u - a scroll of enchant armour
 z - a scroll of fog
 A - a scroll of blinking
 B - a scroll of fear
 C - a scroll of enchant weapon
 I - a scroll of noise {unknown}
 J - a scroll of poison
Potions
 d - 2 potions of might
 g - 2 potions of haste
 h - a potion of invisibility
 i - a potion of experience {unknown}
 k - 3 potions of flight
 n - 4 potions of curing
 o - a potion of berserk rage {unknown}
 r - 2 potions of heal wounds
 v - a potion of mutation {unknown}
 x - a potion of brilliance {unknown}
 D - a potion of resistance {unknown}
 E - a potion of lignification {unknown}
 G - a potion of cancellation {unknown}
 H - a potion of ambrosia {unknown}


   Skills:
 + Level 5.8 Fighting
 + Level 7.8 Axes
 + Level 5.9 Armour
 + Level 1.1 Dodging
 + Level 4.9 Shields
 * Level 4.0 Translocations
 * Level 3.6 Evocations


You had 7 spell levels left.
You knew the following spells:

 Your Spells              Type           Power      Damage    Failure   Level
a - Apportation           Tloc           16%        N/A       95%         1

Your spell library contained the following spells:

 Spells                   Type           Power      Damage    Failure   Level
 Necrotise                Necr           0%         1d4       100%        1
 Summon Small Mammal      Summ           0%         N/A       100%        1
 Hailstorm                Conj/Ice       0%         3d3       100%        3
 Summon Guardian Golem    Hex/Summ       0%         N/A       100%        3
 Ice Form                 Ice/Tmut       0%         N/A       100%        4
 Alistair's Intoxication  Tmut/Pois      0%         N/A       100%        5
 Simulacrum               Ice/Necr       0%         N/A       100%        6
 Orb of Destruction       Conj           0%         9d5       100%        7
 Spellforged Servitor     Conj/Summ      0%         N/A       100%        7


Dungeon Overview and Level Annotations

Branches:
Dungeon (8/15)
 Temple: D:4-7         Lair: D:8-11

Altars:
Makhleb


Innate Abilities, Weirdness & Mutations

You are immune to sickness and miasma.
Your stone body is resilient. (AC +6)
You are immune to poison.
You resist negative energy. (rN+)
You are resistant to electric shocks. (rElec)
You are resistant to unholy torment.
You are immune to petrification.


Message History

You slash the wight!
You destroy the wight!
Your Translocations skill increases to level 4!
No target in view!
No target in view!
No target in view!
No target in view!
No target in view!
A wight comes into view. It is wielding a +3 spear.
Things that are here:
a +4 dagger of freezing; a +0 robe
Items here: )) [[.
Okay, then.
A two-headed ogre comes into view. It is wielding two +0 giant clubs.
The wight hits you but does no damage. You block the wight's attack.
You closely miss the wight. The wight hits you with a +3 spear.
You slash the wight!
The wight is almost destroyed.
The wight hits you with a +3 spear.
You barely miss the wight.
The wight is almost destroyed.
The wight closely misses you.
You barely miss the two-headed ogre. You closely miss the wight.
The wight hits you but does no damage. You block the two-headed ogre's attack.
The two-headed ogre hits you with a +0 giant club!
You hit the two-headed ogre but do no damage.
You barely miss the wight. The wight hits you but does no damage.
The two-headed ogre hits you with a +0 giant club!
* * * LOW HITPOINT WARNING * * *
You block the two-headed ogre's attack.
You hit the two-headed ogre.
The two-headed ogre is lightly wounded.
You barely miss the wight. The wight hits you but does no damage.
You hit the two-headed ogre.
The two-headed ogre is lightly wounded.
You slash the wight!
You destroy the wight!
The two-headed ogre hits you with a +0 giant club!
You die...

'###..##....#.....#
...#..##....#.....#
...#..#.....#.....#
...#..#.....#.....#
...#..#.....#.....#
...#..#.....#..)).#
...#..#.....#.....#
...#..#.....#.....#
...#..#.....#...@.#
>..#..#.....#..O).'..#
...#..#.....#.....#..#
...#..#.....#.....####
...#..#.....#......
...#####....#.......
###....#....#.......
..#....#....#........
..#....#....#


You could see a two-headed ogre.

Vanquished Creatures
  Grinder (D:4)
  Sigmund (D:2)
  A water moccasin (D:7)
  Duvessa (D:5)
  3 sky beasts
  An ogre (D:6)
  2 centaurs
  A phantom (D:7)
  3 kobold brigands
  4 scorpions
  4 wights (D:8)
  Dowan (D:5)
  A hound (D:4)
  A jelly (D:7)
  3 orc priests
  The ghost of spardeous the Ducker, a weakling FeEE (D:2)
  2 iguanas (D:4)
  Natasha (thrice) (D:2)
  5 orc wizards
  Robin (D:4)
  11 gnolls
  7 adders
  A shadow imp (D:6)
  3 white imps
  An ufetubus (D:6)
  4 worms
  2 dart slugs
  16 orcs
  3 ball pythons
  5 bats
  7 endoplasms
  4 giant cockroaches
  18 goblins
  6 hobgoblins
  5 jackals
  4 quokkas
  2 frilled lizards (D:3)
  24 kobolds
  6 rats
169 creatures vanquished.

Vanquished Creatures (others)
  3 fungi (D:3)
  2 plants
5 creatures vanquished.

Grand Total: 174 creatures vanquished

Notes
Turn   | Place    | Note
-------+----------+-------------------------------------------
     0 | D:1      | bande the Gargoyle Fighter began the quest for the Orb.
     0 | D:1      | Reached XP level 1. HP: 14/14 MP: 1/1
   208 | D:1      | Reached XP level 2. HP: 19/19 MP: 2/2
   418 | D:1      | Reached skill level 2 in Axes
  1025 | D:2      | Reached XP level 3. HP: 24/24 MP: 3/3
  1080 | D:2      | HP: 1/24 [worm (4)]
  1393 | D:2      | Noticed Natasha
  1402 | D:2      | Killed Natasha
  1403 | D:2      | Reached XP level 4. HP: 15/29 MP: 4/4
  1724 | D:2      | Learned a level 1 spell: Apportation
  1736 | D:2      | Noticed Natasha
  1741 | D:2      | Killed Natasha
  1742 | D:2      | Reached skill level 3 in Axes
  1768 | D:2      | Noticed Sigmund
  1783 | D:2      | Killed Sigmund
  1784 | D:2      | Reached skill level 1 in Translocations
  1784 | D:2      | Reached XP level 5. HP: 31/33 MP: 5/5
  1784 | D:2      | Reached XP level 6. HP: 36/38 MP: 6/6
  2014 | D:2      | Reached skill level 4 in Axes
  2066 | D:2      | Noticed Natasha
  2077 | D:2      | Killed Natasha
  2267 | D:2      | Found a faded altar of an unknown god.
  2685 | D:3      | Found a runed translucent gate.
  2685 | D:3      | Found a runed translucent gate.
  2686 | D:3      | Found a runed translucent gate.
  2686 | D:3      | Noticed spardeous's ghost (weakling FeEE)
  3426 | D:2      | Killed spardeous's ghost
  3447 | D:2      | Reached XP level 7. HP: 32/44 MP: 7/7
  3820 | D:4      | Noticed Robin
  3825 | D:4      | Reached skill level 1 in Evocations
  3838 | D:4      | Reached skill level 5 in Axes
  3839 | D:4      | Killed Robin
  4204 | D:4      | Noticed Grinder
  4206 | D:4      | Found a burning altar of Makhleb.
  4207 | D:4      | Paralysed by Grinder for 3 turns
  4239 | D:4      | Killed Grinder
  4240 | D:4      | Reached skill level 5 in Armour
  4240 | D:4      | Reached XP level 8. HP: 31/48 MP: 8/8
  4511 | D:4      | Reached skill level 5 in Fighting
  4754 | D:5      | Entered Level 5 of the Dungeon
  4946 | D:5      | Reached skill level 6 in Axes
  5276 | D:5      | Noticed Duvessa
  5276 | D:5      | Noticed Dowan
  5288 | D:5      | Killed Duvessa
  5289 | D:5      | Killed Dowan
  5788 | D:6      | Reached XP level 9. HP: 51/54 MP: 9/9
  5979 | D:6      | Reached skill level 7 in Axes
  7089 | D:7      | Reached skill level 1 in Dodging
  7707 | D:8      | Noticed a two-headed ogre
  7715 | D:8      | Slain by a two-headed ogre

Illustrated notes

Levels and vault maps discovered:
D:1:      minmay_arrival_four_circles, layout_basic, serial_bayou_lagoon_a,
          supply_closet_lemuel, minivault_19, chequers_big_river
D:2:      layout_loops_ring, hellmonk_ecumenical_altar_leap_of_faith,
          uniq_sigmund, uniq_natasha
D:3:      layout_loops_ring, gammafunk_ghost_nasty_kobolds
D:4:      layout_cave_pools, bloody_makhleb, uniq_robin, uniq_grinder
D:5:      minmay_octagon_keep, layout_loops_ring, minmay_temple_entry_poolview,
          serial_glass, glass_columns_b, glass_columns_b,
          nicolae_shop_overcharged_wands, uniq_duvessa
D:6:      layout_basic, hex_intersection
D:7:      layout_loops_corners
D:8:      layout_gridville, gammafunk_ghost_cemetery,
          minmay_shop_enchanted_jewellery

Skill      XL: |  1  2  3  4  5  6  7  8  9 |
---------------+----------------------------+-----
Axes           | 2 3 4 5 6 7 |  7.8
Fighting       | 4 5 |  5.8
Armour         | 4 5 |  5.9
Translocations | 1 2 3 4 |  4.0
Evocations     | 1 3 |  3.6
Shields        | 4 |  4.9
Dodging        | 1 |  1.1

Action                   |  1- 3 |  4- 6 |  7- 9 || total
-------------------------+-------+-------+-------++-------
Melee: War axe           |    82 |   126 |   329 ||   537
  Use: Scroll            |       |     9 |     8 ||    17
Armor: Scale mail        |    21 |       |       ||    21
       Plate armour      |    20 |    90 |   308 ||   418
Dodge: Dodged            |    40 |    31 |    79 ||   150
Block: Buckler           |    15 |    31 |    92 ||   138

Table legend: (Time is in decaauts)
 A = Elapsed time spent in this place.
 B = Non-inter-level travel time spent in this place.
 C = Inter-level travel time spent in this place.
 D = Time resting spent in this place.
 E = Time spent auto-exploring this place.
 F = Levels seen in this place.
 G = Mean time per level.
                   A        B        C        D        E       F      G
               +--------+--------+--------+--------+--------+-----+--------+
         Total |   7909 |   7595 |    314 |   1505 |   4607 |   8 |  988.6 |
       Dungeon |   7909 |   7595 |    314 |   1505 |   4607 |   8 |  988.6 |
               +--------+--------+--------+--------+--------+-----+--------+

Top non-repeatable levels by time:
     D:2: 1942 daAuts
     D:4: 1085 daAuts
     D:1: 1069 daAuts
     D:7: 1050 daAuts
     D:6: 939 daAuts
     D:3: 796 daAuts
     D:5: 707 daAuts
     D:8: 317 daAuts
